 Dungeon Crawl Stone Soup version 0.27-a0-1191-g601b473118 (webtiles) character file.

Game seed: 11160975488824961952

33 experimilk the Digger (level 3, -1/19 HPs)
             Began as a Gargoyle Earth Elementalist on May 24, 2021.
             Slain by an endoplasm (2 damage)
             ... on level 2 of the Dungeon.
             The game lasted 00:02:51 (998 turns).

experimilk the Digger (Gargoyle Earth Elementalist)  Turns: 998, Time: 00:02:52

Health: -1/19      AC:  5    Str: 11    XL:     3   Next: 29%
Magic:  0/6        EV: 11    Int: 16    God:
Gold:   31         SH:  0    Dex: 10    Spells: 5/6 levels left

rFire    . . .     SeeInvis .   a - +0 whip
rCold    . . .     Faith    .   (no shield)
rNeg     + . .     Spirit   .   c - +0 robe
rPois    ∞         Reflect  .   (no helmet)
rElec    +         Harm     .   (no cloak)
rCorr    .         Rampage  .   (no gloves)
Will     .....                  (no boots)
Stlth    ++........             (no amulet)
HPRegen  0.06/turn              (no ring)
MPRegen  0.10/turn              (no ring)

@: brilliant, attractive, flying
A: sickness immunity, AC +3, negative energy resistance 1, electricity
resistance, torment resistance 1, petrification resistance
a: no special abilities


You were on level 2 of the Dungeon.
You visited 1 branch of the dungeon, and saw 2 of its levels.

You collected 31 gold pieces.

Inventory:

Hand Weapons
 a - a +0 whip (weapon)
Missiles
 b - 23 stones
Armour
 c - a +0 robe (worn)
Magical Staves
 j - a staff of conjuration
Jewellery
 g - a ring of wizardry
Scrolls
 d - a scroll of fog {unknown}
 h - a scroll of immolation {unknown}


   Skills:
 - Level 1.5 Dodging
 - Level 2.1 Stealth
 - Level 2.0 Spellcasting
 - Level 0.7 Transmutations
 * Level 5.2 Earth Magic


You had 5 spell levels left.
You knew the following spells:

 Your Spells              Type           Power      Damage    Failure   Level
a - Sandblast             Erth           54%        2d13      2%          1

Your spell library contained the following spells:

 Spells                   Type           Power      Damage    Failure   Level
 Passwall                 Tmut/Erth      13%        N/A       10%         2
 Stone Arrow              Conj/Erth      28%        3d8       22%         3
 Petrify                  Tmut/Erth      16%        N/A       52%         4
 Lee's Rapid Deconstruct  Erth           13%        3d10*     56%         5


Dungeon Overview and Level Annotations

Branches:
Dungeon (2/15)

Altars:


Innate Abilities, Weirdness & Mutations

You are immune to sickness and miasma.
Your stone body is resilient. (AC +3)
You are immune to poison.
You resist negative energy. (rN+)
You are resistant to electric shocks. (rElec)
You are resistant to unholy torment.
You are immune to petrification.


Message History

You barely miss the phantom.
The phantom is severely damaged.
The phantom barely misses you.
You barely miss the phantom.
The phantom is severely damaged.
The phantom barely misses you.
You hit the phantom.
The phantom is almost destroyed.
The phantom hits you.
It was a potion of flight.
You feel very buoyant.
You fly up into the air.
The phantom completely misses you.
It was a potion of attraction.
You feel attractive to monsters. The phantom closely misses you.
It was a potion of brilliance.
You feel clever all of a sudden. The phantom hits you.
* * * LOW HITPOINT WARNING * * *
The phantom blinks!
You blink.
Casting: Sandblast (safe; 2% risk of failure)
Confirm with . or Enter, or press ? or * to list all spells.
Aiming: Sandblast (safe; 2% risk of failure)
Press: ? - help, Shift-Dir - straight line, f/p - phantom
Aim: a phantom (almost destroyed, 73% to hit)
You feel a surge of power!
The blast of sand misses the phantom.
The phantom barely misses you.
Casting: Sandblast (safe; 2% risk of failure)
Confirm with . or Enter, or press ? or * to list all spells.
You don't have enough magic to cast this spell.
The phantom barely misses you.
An endoplasm comes into view.
The endoplasm is pulled toward you!
The endoplasm quivers.
The endoplasm hits you but does no damage.
There is a stone staircase leading up here.
The phantom hits you.
* * * LOW HITPOINT WARNING * * *
The endoplasm hits you.
You die...

#. #.#..
.......#.....#############...
............†.†.....#<.......
W......#.#........†..........
.......#............####.....
....................###......
..$.. #.........@.......# ...
.....##.........JW..##### ..
.....W.....##.....### .
....##.###...†...## ..# #..#
#######.####### B .....
#.......# ...!... #######..
.......... ..........#


You could see a phantom and an endoplasm.

Vanquished Creatures
  A dart slug (D:1)
  4 bats
  2 endoplasms (D:1)
  2 giant cockroaches (D:2)
  A goblin (D:1)
  7 hobgoblins (D:1)
  3 jackals (D:1)
  A quokka (D:2)
  A ball python (D:1)
  2 frilled lizards (D:1)
  A kobold (D:1)
  A rat (D:1)
26 creatures vanquished.

Notes
Turn   | Place    | Note
-------+----------+-------------------------------------------
     0 | D:1      | experimilk the Gargoyle Earth Elementalist began the quest
                  | for the Orb.
     0 | D:1      | Reached XP level 1. HP: 10/10 MP: 3/3
    34 | D:1      | Reached skill level 4 in Earth Magic
   113 | D:1      | Reached XP level 2. HP: 15/15 MP: 1/5
   435 | D:1      | Found a faded altar of an unknown god.
   591 | D:1      | Reached XP level 3. HP: 19/19 MP: 4/6
   675 | D:1      | Reached skill level 5 in Earth Magic
   959 | D:2      | Noticed a phantom
   998 | D:2      | Slain by an endoplasm

Illustrated notes

Levels and vault maps discovered:
D:1:      nzn_arrival_depleted_hourglass, layout_basic,
          chequers_ecumenical_altar_simple, serial_bayou_pond_e, minmay_ruptured
D:2:      cheibrodos_fertilizer, layout_rooms, minmay_misc_feat_more_columns

Skill      XL: |  1  2  3 |
---------------+----------+-----
Earth Magic    | 4 5 |  5.2
Dodging        | |  1.5
Stealth        | |  2.1
Spellcasting   | |  2.0
Transmutations | |  0.7

Action                   || total
-------------------------++-------
Melee: Whip              ||    22
 Cast: Sandblast         ||    39
  Use: Potion            ||     3
Armor: Robe              ||    21
Dodge: Dodged            ||    35

Table legend: (Time is in decaauts)
 A = Elapsed time spent in this place.
 B = Non-inter-level travel time spent in this place.
 C = Inter-level travel time spent in this place.
 D = Time resting spent in this place.
 E = Time spent auto-exploring this place.
 F = Levels seen in this place.
 G = Mean time per level.
                   A        B        C        D        E       F      G
               +--------+--------+--------+--------+--------+-----+--------+
         Total |   1000 |    991 |      9 |    261 |    503 |   2 |  500.0 |
       Dungeon |   1000 |    991 |      9 |    261 |    503 |   2 |  500.0 |
               +--------+--------+--------+--------+--------+-----+--------+

Top non-repeatable levels by time:
     D:1: 883 daAuts
     D:2: 116 daAuts
